 Dungeon Crawl Stone Soup version 0.31-b1-17-gcfd88c8481 (webtiles) character file.

Game seed: 15040771059159220710

22 Curundu the Chopper (level 2, 0/27 HPs)
             Began as a Minotaur Berserker on Jan 15, 2024.
             Was a Follower of Trog.
             Killed from afar by an orc wizard (5 damage)
             ... with a puff of flame
             ... on level 2 of the Dungeon.
             The game lasted 00:02:27 (831 turns).

Curundu the Chopper (Minotaur Berserker)             Turns: 831, Time: 00:02:27

Health: 0/27       AC:  3    Str: 21    XL:     2   Next: 68%
Magic:  1/1        EV: 12    Int:  4    God:    Trog [*.....]
Gold:   40         SH:  0    Dex:  9    Spells: 1/1 levels left

rFire   . . .        a - +1 hand axe
rCold   . . .        (no shield)
rNeg    . . .        b - +0 animal skin
rPois   .            (helmet restricted)
rElec   .            (no cloak)
rCorr   .            (no gloves)
SInv    .            f - +0 pair of boots
Will    .....        (no amulet)
Stlth   +            (no ring)
HPRegen 0.24/turn    (no ring)
MPRegen 0.07/turn

%: no passive effects
@: no status effects
A: horns 2, retaliatory headbutt
a: Renounce Religion, Berserk


You were on level 2 of the Dungeon.
You worshipped Trog.
Trog was aware of your devotion.
You visited 1 branch of the dungeon, and saw 2 of its levels.

You collected 40 gold pieces.

Inventory:

Hand Weapons
 a - a +1 hand axe (weapon)
Missiles
 g - 5 poisoned darts (quivered)
Armour
 b - a +0 animal skin (worn)
 f - a +0 pair of boots (worn)
Scrolls
 c - a scroll of teleportation {unknown}
 e - a scroll of enchant weapon
 h - a scroll of torment {unknown}
 i - a scroll of identify {unknown}
Potions
 d - 2 potions of degeneration {unknown}


   Skills:
 - Level 4.0 Fighting
 + Level 4.5 Axes
 - Level 2.5 Armour
 - Level 2.2 Dodging


You had one spell level left.
You didn't know any spells.
Your spell library was empty.

Dungeon Overview and Level Annotations

Branches:
Dungeon (2/15)

Altars:


Innate Abilities, Weirdness & Mutations

You have a pair of horns on your head.
You reflexively headbutt those who attack you in melee.


Message History

The orc attacks as it pursues you! The orc barely misses you.
You see here a +0 leather armour.
You hit the orc. You headbutt the orc.
You kill the orc!
Trog accepts your kill. The orc closely misses you.
Things that are here:
a +0 hand axe; an orc corpse The orc attacks as it pursues you!
The orc closely misses you. You furiously retaliate!
You headbutt the orc.
You see here a +0 leather armour.
You hit the orc.
The orc is heavily wounded.
The orc barely misses you. You furiously retaliate!
You headbutt the orc!
You kill the orc!
Trog accepts your kill.
You hit something. Something hits you.
You barely miss something. Something hits you.
You closely miss something. You headbutt something. Something hits you.
You barely miss something. Something hits you but does no damage.
You closely miss something. Something hits you.
You hit something. Your headbutt misses something. Something hits you.
You miss something. Something hits you.
You miss something. Your headbutt misses something. Something hits you.
You closely miss something. Something hits you.
You barely miss something.
You hear some strange, mumbled words.
Something tries to affect you, but you resist.
You hear some strange, mumbled words.
A puff of flame appears from out of thin air!
The puff of flame hits you.
* * * LOW HITPOINT WARNING * * *
You miss something. Something hits you.
* * * LOW HITPOINT WARNING * * *
You hit something but do no damage. Something hits you but does no damage.
You hit something but do no damage.
You hear some strange, mumbled words.
A puff of flame appears from out of thin air!
The puff of flame hits you.
You die...

#..........#....#
...##+#.##..........####.#
........##..........#.#...
.......##..รท<........#### ###+##
#.....##....##.......#..
#...(####.................#..#.#
#.......#.....##.##)##.##.#....#
##.......#....###..(.....#.#.####
....#....##...){@....... #.#.#
....#........########........#
....#........+....# #.####.#.#
....####.....####.###.# #.###
....####..............# #.#
..........#######...<.####.######
.#........# #....##..........
.#........# #....##.##...###.
.#........# #.......##...# #.


There were no monsters in sight!

Vanquished Creatures
  A dart slug (D:2)
  A ribbon worm (D:2)
  2 orcs (D:2)
  An endoplasm (D:1)
  3 hobgoblins
  2 kobolds (D:1)
  A quokka (D:1)
  A bat (D:1)
  A frilled lizard (D:2)
  2 rats
15 creatures vanquished.

Notes
Turn   | Place    | Note
-------+----------+-------------------------------------------
     0 | D:1      | Curundu the Minotaur Berserker began the quest for the Orb.
     0 | D:1      | Reached XP level 1. HP: 19/19 MP: 0/0
   312 | D:1      | Reached XP level 2. HP: 27/27 MP: 1/1
   831 | D:2      | Killed from afar by an orc wizard

Illustrated notes

Levels and vault maps discovered:
D:1:      sevenhm_arrival_forest_fort_large_2, layout_rooms
D:2:      layout_basic, uniq_sigmund

Skill      XL: |  1  2 |
---------------+-------+-----
Axes           | 4 |  4.5
Fighting       | 4 |  4.0
Armour         | |  2.5
Dodging        | |  2.2

Action                     || total
---------------------------++-------
  Melee: Hand axe          ||    44
         Headbutt          ||    10
    Use: Scroll            ||     2
 Armour: Animal skin       ||    35
  Dodge: Dodged            ||    17
